 Dungeon Crawl Stone Soup version 0.28-a0-1389-gc726bef33b (webtiles) character file.

Game seed: 3540205485810369286

142 Decritt the Conjurer (level 5, 28/28 HPs)
             Began as a Deep Elf Conjurer on Jan 3, 2022.
             Quit the game on level 3 of the Dungeon.
             The game lasted 00:05:43 (3531 turns).

Decritt the Conjurer (Deep Elf Conjurer)            Turns: 3531, Time: 00:05:43

Health: 28/28      AC:  2    Str:  4    XL:     5   Next: 4%
Magic:  14/14      EV: 13    Int: 25    God:
Gold:   151        SH:  0    Dex: 13    Spells: 10/13 levels left

rFire   . . .      SeeInvis .   d - staff of earth
rCold   . . .      Faith    .   (no shield)
rNeg    . . .      Spirit   .   a - +0 robe
rPois   .          Reflect  .   (no helmet)
rElec   .          Harm     .   (no cloak)
rCorr   .          Rampage  .   (no gloves)
Will    +....                   (no boots)
Stlth   ++........              (no amulet)
HPRegen 0.09/turn               c - ring of willpower
MPRegen 0.14/turn               (no ring)

@: no status effects
A: no striking features
a: no special abilities


You were on level 3 of the Dungeon.
You visited 1 branch of the dungeon, and saw 3 of its levels.

You collected 151 gold pieces.

Inventory:

Hand Weapons
 b - a +0 dagger
Armour
 a - a +0 robe (worn)
Magical Staves
 d - a staff of earth (weapon)
Jewellery
 c - a ring of willpower (left hand)
Scrolls
 r - 2 scrolls of identify
Potions
 e - a potion of might
 k - a potion of degeneration
 l - a potion of heal wounds {unknown}


   Skills:
 + Level 0.8 Fighting
 + Level 3.2 Dodging
 + Level 3.3 Stealth
 * Level 4.8 Spellcasting
 * Level 5.2 Conjurations


You had 10 spell levels left.
You knew the following spells:

 Your Spells              Type           Power      Damage    Failure   Level
a - Magic Dart            Conj           100%       1d8       1%          1
b - Searing Ray           Conj           64%        2d6       1%          2

Your spell library contained the following spells:

 Spells                   Type           Power      Damage    Failure   Level
 Dazzling Flash           Conj/Hex       38%        N/A       9%          3
 Fulminant Prism          Conj/Hex       9%         3d7       28%         4
 Iskenderun's Mystic Bla  Conj/Tloc      19%        2d6       28%         4


Dungeon Overview and Level Annotations

Branches:
Dungeon (3/15)

Altars:

Shops:
D:2 (


Message History

The searing ray hits the giant cockroach!
You kill the giant cockroach! (Press . to maintain the ray.)
The searing ray misses the orc. x2; The orc hits you with a +0 hand axe.
* * * LOW HITPOINT WARNING * * *
The searing ray hits the orc!
You kill the orc!
The searing ray hits the orc.
The orc is severely wounded.
The orc throws a stone.
The stone misses you.
Casting: Searing Ray (safe; 1% risk of failure)
Confirm with . or Enter, or press ? or * to list all spells.
Aiming: Magic Dart (safe; 1% risk of failure)
Press: ? - help, Shift-Dir - straight line, f - orc
Aim: an orc, wielding a +0 whip, wearing a +2 ring mail of cold resistance and quivering stones (severely wounded, 100% to hit)
The magic dart hits the orc but does no damage.
The orc is severely wounded.
Casting: Magic Dart (safe; 1% risk of failure)
Confirm with . or Enter, or press ? or * to list all spells.
You don't have enough magic to cast this spell.
Unknown command.
You hit the orc.
You kill the orc!
You start resting.
You hear the brisk rusting of a very distant drain.
You start resting.
You hear the brisk rusting of a very distant drain.
You start resting.
Magic restored.
You start resting.
You hear the quick rusting of a very distant drain.
Items here: ( )) [ †.
Okay, then.
You start resting.
You hear the quick rusting of a very distant drain.
You start resting.
You hear the rapid rusting of a very distant drain.
You start resting.
HP restored.
Are you sure you want to abandon this character and quit the game? (Confirm with "yes".)

... #)##.#..# .
..######.##...... # #
#.#....).......... ..
#.####.#.####)####[.####
##.#.#....#.####.......#
....................#.##
#........#.####.#....#
#.......#.####.#....# #
#.##....#..@........#
###.##.####..#######....##
.......####..# ###.#
.#..#........### .# ...
#.####.....# .. ...#
#..>.^# ......# #....)#
......# #.....# #...###
#.....#


There were no monsters in sight!

Vanquished Creatures
  An orc priest (D:3)
  4 adders
  A shadow imp (D:3)
  A dart slug (D:3)
  6 orcs (D:3)
  4 ball pythons
  6 endoplasms
  3 giant cockroaches
  4 goblins
  5 hobgoblins
  11 jackals
  2 kobolds
  2 quokkas
  4 bats
  3 rats
57 creatures vanquished.

Notes
Turn   | Place    | Note
-------+----------+-------------------------------------------
     0 | D:1      | Decritt the Deep Elf Conjurer began the quest for the Orb.
     0 | D:1      | Reached XP level 1. HP: 10/10 MP: 6/6
   538 | D:1      | Reached XP level 2. HP: 15/15 MP: 1/8
   761 | D:1      | Learned a level 2 spell: Searing Ray
  1744 | D:1      | Reached XP level 3. HP: 19/19 MP: 7/10
  2368 | D:2      | Found a faded altar of an unknown god.
  2370 | D:2      | Found Esushrima's Antique Weapon Emporium.
  2488 | D:2      | Reached skill level 5 in Conjurations
  2892 | D:3      | Reached XP level 4. HP: 24/24 MP: 10/12
  3231 | D:3      | Reached XP level 5. HP: 7/28 MP: 3/14
  3240 | D:3      | HP: 1/28 [orc (1)]
  3531 | D:3      | Quit the game

Illustrated notes

Levels and vault maps discovered:
D:1:      lightli_arrival_windingriver, layout_basic
D:2:      minmay_chambers_of_ones, layout_basic,
          hellmonk_ecumenical_altar_run_dry, serial_shops,
          nicolae_shop_statue_plus, minmay_misc_feat_nine_boxes
D:3:      layout_loops_cross, portal_sewer_entry_e

Skill      XL: |  1  2  3 |
---------------+----------+-----
Dodging        | 3 |  3.2
Stealth        | 3 |  3.3
Spellcasting   | 4 |  4.8
Conjurations   | 5 |  5.2
Fighting       | |  0.8

Action                   |  1- 3 |  4- 6 || total
-------------------------+-------+-------++-------
Melee: Dagger            |     3 |       ||     3
       Staff             |       |     7 ||     7
 Cast: Magic Dart        |    81 |    31 ||   112
       Searing Ray       |     3 |     4 ||     7
  Use: Scroll            |     7 |       ||     7
Armor: Robe              |     6 |     5 ||    11
Dodge: Dodged            |     5 |    35 ||    40

Table legend: (Time is in decaauts)
 A = Elapsed time spent in this place.
 B = Non-inter-level travel time spent in this place.
 C = Inter-level travel time spent in this place.
 D = Time resting spent in this place.
 E = Time spent auto-exploring this place.
 F = Levels seen in this place.
 G = Mean time per level.
                   A        B        C        D        E       F      G
               +--------+--------+--------+--------+--------+-----+--------+
         Total |   3532 |   3487 |     45 |   1467 |   1727 |   3 | 1177.3 |
       Dungeon |   3532 |   3487 |     45 |   1467 |   1727 |   3 | 1177.3 |
               +--------+--------+--------+--------+--------+-----+--------+

Top non-repeatable levels by time:
     D:1: 1857 daAuts
     D:2: 1018 daAuts
     D:3: 655 daAuts
